 Dungeon Crawl Stone Soup version 0.19-a0-1170-g18f0c96 (webtiles) character file.

118991 4thArraOfDagon the Brawler (level 16, -1/160 HPs)
             Began as a Troll Assassin on Aug 16, 2016.
             Was a High Priest of Okawaru.
             Killed from afar by a fire dragon (15 damage)
             ... with a blast of flame
             ... on level 4 of the Swamp.
             The game lasted 01:01:52 (11294 turns).

4thArraOfDagon the Brawler (Troll Assassin)        Turns: 11294, Time: 01:01:53

Health: -1/160     AC:  7    Str: 23    XL:     16   Next: 26%
Magic:  22/25      EV: 20    Int: 15    God:    Okawaru [*****.]
Gold:   984        SH: 21    Dex: 13    Spells: 7 memorised, 5 levels left

rFire  + . .     SeeInvis +       - Unarmed
rCold  . . .     Gourm    +     d - +1 robe "Xeudehoos" {+Fly Regen+ Int+4 Dex+3}
rNeg   + . .     Faith    .     E - +0 large shield {rPois}
rPois  +         Spirit   .     c - +0 mask of the Dragon {MR+ Slay+3 SInv}
rElec  +         Dismiss  .     l - +1 ratskin cloak {rPois rN+ Int-1 Dex-1}
rCorr  .         Reflect  .     (gloves unavailable)
MR     ++...     Harm     +     (boots unavailable)
Stlth  ++........               B - amulet of harm
                                w - +4 ring of evasion
                                C - ring of protection from fire

@: about to teleport, heroism, finesse, studying 2 skills
A: unfitting armour, antennae 2, claws 3, hooves 1, deformed body, fast
metabolism 3, gourmand, regeneration 2, robust 1, shaggy fur 1, electricity
resistance, tough skin 2, wild magic 1, MP-powered wands, sturdy frame 1
a: Heroism, Finesse, Renounce Religion, Evoke Flight


You were on level 4 of the Swamp.
You worshipped Okawaru.
Okawaru was extremely pleased with you.
You were full.

You visited 6 branches of the dungeon, and saw 30 of its levels.
You also visited: Labyrinth.

You collected 2923 gold pieces.
You spent 1939 gold pieces at shops.

Inventory:

Hand Weapons
 b - a +2 blowgun
Missiles
 f - 2 curare-tipped needles
 p - 4 throwing nets
 N - 20 large rocks (quivered)
Armour
 c - the +0 mask of the Dragon (worn) {MR+ Slay+3 SInv}
   (You bought it in a shop on level 2 of the Orcish Mines)

   It affects your accuracy and damage with ranged weapons and melee attacks
   (+3).
   It affects your resistance to hostile enchantments.
   It lets you see invisible.
 d - the +1 robe "Xeudehoos" (worn) {+Fly Regen+ Int+4 Dex+3}
   (You bought it in a shop on level 2 of the Orcish Mines)

   It affects your intelligence (+4).
   It affects your dexterity (+3).
   It lets you fly.
   It increases your rate of regeneration.
 l - the +1 ratskin cloak (worn) {rPois rN+ Int-1 Dex-1}
   (You bought it in a shop on level 2 of the Orcish Mines)

   It affects your intelligence (-1).
   It affects your dexterity (-1).
   It protects you from poison.
   It protects you from negative energy.
 E - a +0 large shield of poison resistance (worn)
 W - the +4 robe of Chimes {rElec rPois}
   (You acquired it on level 6 of the Lair of Beasts)

   It insulates you from electricity.
   It protects you from poison.
Magical Staves
 S - an uncursed staff of wizardry {!a}
 T - an uncursed staff of energy {!a}
Jewellery
 r - an uncursed ring of protection from cold
 s - an uncursed amulet of rage {unknown}
 v - an uncursed amulet of faith
 w - a +4 ring of evasion (right claw)
 B - an amulet of harm (around neck)
 C - a ring of protection from fire (left claw)
 H - a +3 ring of intelligence
 L - an uncursed ring of fire
Wands
 J - a wand of iceblast (8/15)
 X - a wand of disintegration (13/24)
Scrolls
 e - 3 scrolls of recharging
 o - 10 scrolls of remove curse
 q - 4 scrolls of teleportation
 u - 2 scrolls of blinking
 F - 2 scrolls of fog
 P - 2 scrolls of enchant armour
 Q - 3 scrolls of immolation
 U - 3 scrolls of fear
 Y - 3 scrolls of magic mapping
Potions
 h - 4 potions of resistance
 i - 2 potions of magic
 m - a potion of haste
 n - 4 potions of brilliance
 t - 13 potions of curing
 x - a potion of cure mutation
 z - a potion of ambrosia
 A - 4 potions of agility
 D - 2 potions of might
Books
 j - a manual of Throwing
 I - a manual of Invocations
Miscellaneous
 a - a phial of floods
 O - a phantom mirror
 Z - 3 boxes of beasts
Comestibles
 g - 17 bread rations
 k - 10 meat rations
 G - 8 slices of pizza


   Skills:
 - Level 6.4(11.4) Fighting
   Level 1.5(6.5) Short Blades
 - Level 1.7(6.7) Throwing
 - Level 6.0(11.0) Dodging
 - Level 2.4(7.4) Stealth
 - Level 11.2(16.2) Shields
 - Level 17.1(22.1) Unarmed Combat
 - Level 3.0 Spellcasting
 - Level 5.6 Transmutations
 - Level 6.9 Earth Magic
 * Level 13.3 Invocations


You had 5 spell levels left.
You knew the following spells:

 Your Spells              Type           Power        Failure   Level  Hunger
a - Apportation           Tloc           #.........   28%         1    #......
b - Passage of Golubria   Tloc           N/A          99%         4    #####..
c - Passwall              Tmut/Erth      ####......   3%          2    ##.....
d - Swiftness             Chrm/Air       #.......     43%         2    ##.....
e - Blink                 Tloc           N/A          43%         2    ##.....
f - Repel Missiles        Chrm/Air       #.....       43%         2    ##.....
g - Regeneration          Chrm/Necr      #.........   77%         3    ###....


Dungeon Overview and Level Annotations

Branches:
Dungeon (15/15)            Temple (1/1) D:5            Lair (6/6) D:8
  Swamp (4/4) Lair:2        Slime (0/5) Lair:6          Orc (2/2) D:9
    Elf (3/3) Orc:2        Vaults (0/5) D:14         Depths (0/5) D:15
  Snake: Lair:2-4    Spider: Lair:2-4

Altars:
Ashenzari
Cheibriados
Dithmenos
Fedhas
Gozag
Hepliaklqana
Kikubaaqudgha
Makhleb
Nemelex Xobeh
Okawaru
Pakellas
Trog
Uskayaw
Vehumet
Xom
The Shining One
Beogh
Jiyva

Shops:
D:12 ?[[(   Orc:1 ?[   Orc:2 [[}:

Annotations:
D:4 epen's ghost, amateur MfMo


Innate Abilities, Weirdness & Mutations

You are too large for most types of armour.
You have claws for hands.
Your metabolism is lightning-fast.
You like to eat raw meat.
You heal very quickly.
You are covered in fur. (AC +1)
You have very tough skin. (AC +2)
You have a pair of antennae on your head.
You have large cloven feet.
Armour fits poorly on your strangely shaped body.
You are robust. (+10% HP)
You are resistant to electric shocks. (rElec)
Your spells are a little harder to cast, but a little more powerful.
You expend magic power (3 MP) to strengthen your wands.
Your movements are slightly less encumbered by armour. (ER -2)


Message History

Unknown command.
The steam dragon is engulfed in poison gas.
The steam dragon is poisoned.
You block the seven-headed hydra's attack.
The seven-headed hydra bites you!
* * * LOW HITPOINT WARNING * * *
You block the seven-headed hydra's attack.
The seven-headed hydra closely misses you.
The seven-headed hydra bites you!
* * * LOW HITPOINT WARNING * * *
The seven-headed hydra misses you. The seven-headed hydra bites you.
* * * LOW HITPOINT WARNING * * *
Unknown command.
Unknown command.
Unknown command.
Unknown command.
Unknown command.
The fire dragon breathes flames at you. The blast of flame hits you!
You resist.
You die...

♣♣.≈≈.♣.≈≈ ♣.≈≈.≈.≈≈
♣..≈♣♣♣♣♣ ≈ ♣♣♣..♣♣
.. ≈≈ ♣♣♣ ♣≈.≈≈.♣♣(..
≈≈≈ { ♣≈♣♣♣.≈≈≈....≈≈
.(i≈
♣♣♣≈♣≈≈.≈≈≈≈≈≈≈≈≈
♣≈≈≈♣.§..§.≈≈≈≈≈≈≈≈≈≈
♣♣.§†..DD§§@.≈≈≈.≈≈
.♣♣"≈≈.†ki.D.♣♣♣≈.≈≈≈
≈≈≈.≈≈§)†≈♣♣DD♣ ♣≈≈≈≈
≈≈.≈≈≈≈.♣♣♣♣≈ky♣ ≈≈≈≈
♣...≈≈D♣♣ ♣♣≈.≈≈≈
≈...k.♣ ♣.≈≈≈≈.♣
.....k ≈.≈≈D≈..
≈≈.≈.≈ §(.≈.≈..
≈≈≈..≈ .♣♣♣§♣♣♣


You could see a seven-headed hydra, a six-headed hydra, a swamp dragon, a
lindwurm, a swamp drake and a spriggan.

Vanquished Creatures
  2 deep elf blademasters (Elf:3)
  2 deep elf master archers (Elf:3)
  Frances (D:14)
  Gastronok (D:11)
  A thorn hunter (Swamp:1)
  Kirke (D:15)
  5 deep elf sorcerers (Elf:3)
  2 deep elf elementalists (Elf:3)
  3 deep elf demonologists
  5 deep elf annihilators (Elf:3)
  An ettin (Orc:2)
  9 deep elf death magi
  A minotaur (Lab)
  Snorg (D:12)
  2 deep elf high priests (Elf:3)
  Harold (Orc:1)
  Erica (D:11)
  4 hydras
  A ghost crab (Swamp:3)
  7 dancing weapons
  3 centaur warriors
  3 alligators
  4 orc high priests (Orc:2)
  A tengu warrior (Swamp:3)
  Nergalle (Orc:1)
  A fire crab (shapeshifter) (D:15)
  A small abomination (Elf:3)
  The ghost of amanita the Carver, a novice VSGl of Uskayaw (D:11)
  3 swamp dragons (Swamp:4)
  6 hill giants
  5 deep elf archers
  An orc knight (D:15)
  16 deep elf magi
  2 orc sorcerers (Orc:2)
  A wolf spider (Lair:6)
  7 ugly things
  4 cyclopes
  11 elephants
  4 slime creatures (Swamp:4)
  2 hornets
  A manticore (D:11)
  Maurice (D:12)
  3 centaur zombies
  5 black mambas
  A guardian serpent (Lair:6)
  4 spiny frogs
  A centaur skeleton (D:11)
  An efreet (D:15)
  A rime drake (Lair:6)
  17 komodo dragons
  A tengu conjurer (Swamp:3)
  6 trolls
  A harpy zombie (D:15)
  A harpy skeleton (D:15)
  A two-headed ogre (D:12)
  A giant leech (Swamp:1)
  A bog body (Swamp:3)
  4 blink frogs (Lair:3)
  A hornet zombie (D:14)
  3 air elementals
  2 spriggans
  Sigmund (D:5)
  A vampire (D:14)
  A shadow (D:14)
  2 water elementals (Elf:3)
  3 wyverns
  A hog (D:15)
  6 hippogriffs
  A fire elemental (Elf:3)
  40 yaks
  A hungry ghost (D:12)
  Grum (D:8)
  A basilisk (D:15)
  10 vampire mosquitoes
  Edmund (D:6)
  2 wargs
  4 insubstantial wisps (Swamp:3)
  2 mottled dragons
  12 water moccasins
  3 porcupines
  5 swamp drakes (Swamp:4)
  5 ice beasts
  26 orc warriors
  3 black bears (Lair:1)
  3 sky beasts
  4 wasps
  2 eyes of draining
  A phantom (D:6)
  8 ogres
  8 centaurs
  3 wolves
  7 crocodiles
  3 big kobolds (D:8)
  An earth elemental (Elf:2)
  12 giant frogs
  A wyvern zombie (D:10)
  2 scorpions
  An electric eel (Lair:1)
  14 wights
  3 howler monkeys (D:8)
  A crimson imp (D:5)
  A quasit (D:9)
  2 jellies
  A giant frog zombie (D:12)
  A hound (D:9)
  33 orc priests
  20 orc wizards
  2 giant frog skeletons (D:12)
  6 iguanas
  9 worker ants
  10 sheep
  9 adders
  3 gnolls (Orc:2)
  28 river rats
  2 shadow imps
  2 white imps (D:8)
  A howler monkey simulacrum (D:8)
  3 ufetubi (D:8)
  A dart slug (D:2)
  A worm (D:2)
  2 giant geckos
  56 orcs
  A giant cockroach (D:2)
  A goblin (D:2)
  7 jackals
  A quokka (D:8)
  A ball python (D:8)
  2 bats
  A giant cockroach zombie (D:5)
  A giant gecko skeleton (D:4)
  2 giant newts
  12 kobolds
  A fungus (D:1)
  2 plants (Lair:6)
616 creatures vanquished.

Vanquished Creatures (others)
  A spriggan druid (Swamp:4)
  A spriggan (Swamp:4)
  A steam dragon (Swamp:4)
  2 swamp drakes (Swamp:4)
  5 fungi
  3 plants
13 creatures vanquished.

Grand Total: 629 creatures vanquished

Notes
Turn   | Place    | Note
-------+----------+-------------------------------------------
     0 | D:1      | 4thArraOfDagon the Troll Assassin began the quest for the Orb.
     0 | D:1      | Reached XP level 1. HP: 19/19 MP: 0/0
    76 | D:1      | Reached skill level 1 in Unarmed Combat
    87 | D:1      | You fall through a shaft!
   102 | D:2      | Reached skill level 2 in Unarmed Combat
   102 | D:2      | Reached XP level 2. HP: 27/27 MP: 1/1
   194 | D:2      | Reached XP level 3. HP: 27/33 MP: 2/2
   270 | D:2      | You fall through a shaft for 2 floors!
   279 | D:4      | Reached skill level 3 in Unarmed Combat
   329 | D:4      | Found an opulent altar of Gozag.
   331 | D:4      | Found a bloodstained altar of Trog.
   392 | D:4      | Reached XP level 4. HP: 32/41 MP: 3/3
   460 | D:5      | Entered Level 5 of the Dungeon
   460 | D:5      | Noticed Sigmund
   482 | D:5      | Killed Sigmund
   482 | D:5      | Reached skill level 1 in Shields
   482 | D:5      | Reached skill level 5 in Unarmed Combat
   482 | D:5      | Reached XP level 5. HP: 48/48 MP: 4/4
   587 | D:4      | Noticed epen's ghost (amateur MfMo)
   729 | D:5      | Reached XP level 6. HP: 55/55 MP: 5/5
   935 | D:6      | Gained mutation: You have a pair of small antennae on your head. [potion of mutation]
   935 | D:6      | Gained mutation: Armour fits poorly on your strangely shaped body. [potion of mutation]
   935 | D:6      | Gained mutation: Your movements are slightly less encumbered by armour. (ER -2) [potion of mutation]
   936 | D:6      | Gained mutation: Your flesh is cold resistant. (rC+) [potion of mutation]
  1083 | D:6      | Learned a level 1 spell: Apportation
  1136 | D:7      | Reached skill level 6 in Unarmed Combat
  1144 | D:7      | Noticed an orc warrior
  1382 | D:7      | Reached XP level 7. HP: 48/62 MP: 6/6
  1508 | D:7      | Reached skill level 7 in Unarmed Combat
  1605 | D:8      | Reached XP level 8. HP: 39/70 MP: 7/7
  1699 | D:8      | Reached skill level 8 in Unarmed Combat
  1939 | D:5      | Got a scorched hand axe
  1948 | D:5      | Identified the +2 hand axe of Nuinavaile {chop, Int+2} (You found it on level 5 of the Dungeon)
  1961 | D:5      | Found a blossoming altar of Fedhas.
  1962 | D:5      | Found an ancient bone altar of Kikubaaqudgha.
  2020 | D:5      | Found a staircase to the Ecumenical Temple.
  2031 | Temple   | Entered the Ecumenical Temple
  2049 | Temple   | Became a worshipper of Warmaster Okawaru
  2147 | D:6      | Found a sparkling altar of Nemelex Xobeh.
  2166 | D:6      | Noticed Edmund
  2195 | D:6      | Killed Edmund
  2238 | D:7      | Reached skill level 9 in Unarmed Combat
  2373 | D:8      | Noticed Grum
  2378 | D:7      | Reached * piety under Okawaru
  2378 | D:7      | Reached skill level 5 in Shields
  2403 | D:8      | Killed Grum
  2403 | D:8      | Reached XP level 9. HP: 28/76 MP: 4/8
  2500 | D:9      | Reached skill level 10 in Unarmed Combat
  2525 | D:9      | Reached skill level 1 in Invocations
  2529 | D:9      | Reached ** piety under Okawaru
  2651 | D:9      | Found a staircase to the Orcish Mines.
  2656 | D:9      | Found a snail-covered altar of Cheibriados.
  2656 | D:9      | Found a burning altar of Makhleb.
  2663 | D:9      | Noticed a troll
  2671 | D:9      | Killed a troll
  2671 | D:9      | Reached skill level 11 in Unarmed Combat
  2755 | D:8      | Found a staircase to the Lair.
  2822 | D:8      | Reached *** piety under Okawaru
  2883 | D:9      | Reached XP level 10. HP: 80/85 MP: 9/12
  3010 | D:10     | Entered Level 10 of the Dungeon
  3131 | D:10     | Reached skill level 12 in Unarmed Combat
  3243 | D:11     | Noticed a hill giant
  3251 | D:11     | Killed a hill giant
  3287 | D:11     | Noticed a hill giant
  3298 | D:11     | Killed a hill giant
  3298 | D:11     | Reached **** piety under Okawaru
  3298 | D:11     | Reached skill level 5 in Invocations
  3324 | D:11     | Noticed amanita's ghost (novice VSGl)
  3338 | D:11     | Noticed Gastronok
  3350 | D:11     | Killed Gastronok
  3350 | D:11     | Reached ***** piety under Okawaru
  3350 | D:11     | Reached skill level 13 in Unarmed Combat
  3436 | D:12     | Found Reuxuxoh's Armour Emporium.
  3473 | D:12     | Reached skill level 1 in Dodging
  3473 | D:12     | Reached XP level 11. HP: 90/93 MP: 14/14
  3547 | D:12     | Noticed Snorg
  3581 | D:12     | Killed Snorg
  3639 | D:12     | Found Naxki's Magic Scroll Shop.
  3680 | D:12     | Bought a scroll of identify for 30 gold pieces
  3680 | D:12     | Bought a scroll of magic mapping for 52 gold pieces
  3680 | D:12     | Bought a scroll of identify for 30 gold pieces
  3711 | D:12     | Noticed a deep elf mage
  3718 | D:12     | Killed a deep elf mage
  3815 | D:12     | Found Ucwoasmaed's Antique Armour Shoppe.
  3840 | D:12     | Found Erosapto's Weapon Emporium.
  3886 | D:12     | Noticed a purple ugly thing
  3889 | D:12     | Noticed Maurice
  3937 | D:12     | Killed a purple ugly thing
  3944 | D:12     | Received a gift from Okawaru
  3954 | D:12     | Killed Maurice
  3954 | D:12     | Reached skill level 14 in Unarmed Combat
  4066 | D:12     | Learned a level 4 spell: Passage of Golubria
  4069 | D:12     | Learned a level 2 spell: Passwall
  4072 | D:12     | Learned a level 2 spell: Swiftness
  4090 | D:13     | Noticed a hill giant
  4098 | D:13     | Killed a hill giant
  4146 | D:13     | Reached skill level 1 in Earth Magic
  4154 | D:13     | Reached skill level 1 in Transmutations
  4196 | D:13     | Noticed a hill giant
  4202 | D:13     | Killed a hill giant
  4230 | D:14     | Noticed a hill giant
  4244 | D:14     | Killed a hill giant
  4257 | D:14     | Noticed Frances
  4278 | D:14     | Killed Frances
  4278 | D:14     | Reached skill level 1 in Spellcasting
  4278 | D:14     | Reached XP level 12. HP: 42/107 MP: 8/16
  4467 | D:13     | Noticed a centaur warrior
  4473 | D:13     | Killed a centaur warrior
  4473 | D:13     | Received a gift from Okawaru
  4542 | D:15     | Entered Level 15 of the Dungeon
  4574 | D:15     | Found a labyrinth entrance.
  4588 | Lab      | Entered a labyrinth
  4709 | Lab      | 4thArraOfDagon: hi
  4849 | Lab      | Noticed a minotaur
  4857 | Lab      | Killed a minotaur
  4917 | D:15     | Gained mutation: You are robust. (+10% HP) [mutagenic meat]
  4920 | D:15     | Gained mutation: Your spells are a little harder to cast, but a little more powerful. [mutagenic meat]
  4923 | D:15     | Gained mutation: You are resistant to electric shocks. (rElec) [mutagenic meat]
  4929 | D:15     | Gained mutation: You expend magic power (3 MP) to strengthen your wands. [mutagenic meat]
  4932 | D:15     | Lost mutation: Your flesh is cold resistant. (rC+) [mutagenic meat]
  4935 | D:15     | Gained mutation: You have a pair of antennae on your head. [mutagenic meat]
  4941 | D:15     | Gained mutation: You have large cloven feet. [mutagenic meat]
  5131 | D:14     | Found a gate to the Vaults.
  5220 | D:15     | Noticed Kirke
  5244 | D:15     | Killed Kirke
  5244 | D:15     | Received a gift from Okawaru
  5299 | D:15     | Reached XP level 13. HP: 117/128 MP: 17/17
  5386 | D:14     | Reached skill level 15 in Unarmed Combat
  5386 | D:14     | Reached skill level 5 in Earth Magic
  5403 | D:14     | Goblin1989: hi
  5449 | D:14     | Found a shadowy altar of Dithmenos.
  5697 | D:11     | Received a gift from Okawaru
  5734 | D:11     | Noticed Erica
  5743 | D:11     | Killed Erica
  5792 | D:11     | Killed amanita's ghost
  5792 | D:11     | Reached skill level 5 in Fighting
  5877 | Orc:1    | Entered Level 1 of the Orcish Mines
  5877 | Orc:1    | Noticed Nergalle
  5894 | Orc:1    | Killed Nergalle
  5911 | Orc:1    | Found Kiqat's Antique Armour Shoppe.
  5930 | Orc:1    | Bought a silken robe for 199 gold pieces
  5934 | Orc:1    | Reached skill level 5 in Dodging
  5947 | Orc:1    | Found a bloodstained altar of Trog.
  6017 | Orc:1    | Found a roughly hewn altar of Beogh.
  6062 | Orc:1    | Found Giocu's Magic Scroll Boutique.
  6074 | Orc:1    | Bought a scroll of teleportation for 45 gold pieces
  6074 | Orc:1    | Bought a scroll of magic mapping for 52 gold pieces
  6074 | Orc:1    | Bought a scroll of magic mapping for 52 gold pieces
  6074 | Orc:1    | Bought a scroll of enchant armour for 112 gold pieces
  6151 | Orc:1    | Noticed Harold
  6166 | Orc:1    | Killed Harold
  6239 | Orc:2    | Entered Level 2 of the Orcish Mines
  6307 | Orc:2    | Noticed an ettin
  6532 | Orc:2    | Found a staircase to the Elven Halls.
  6601 | Orc:2    | Killed an ettin
  6636 | Orc:2    | Received a gift from Okawaru
  6647 | Orc:2    | Found Taruepea's Antique Armour Shoppe.
  6647 | Orc:2    | Found Tunoclot's Armour Shoppe.
  6670 | Orc:2    | Reached skill level 5 in Transmutations
  6705 | Orc:2    | Found Duwn's Book Emporium.
  6733 | Orc:2    | Found Paamacota's Gadget Emporium.
  6761 | Orc:2    | :)
  6762 | Orc:2    | Bought the +0 mask of the Dragon {MR+ Slay+3 SInv} for 434 gold pieces
  6778 | Orc:2    | Bought a smoking cloak for 247 gold pieces
  6783 | Orc:2    | Identified the +1 cloak "Ytzugaji" {*Corrode rN+ Dex+3 SInv} (You bought it in a shop on level 2 of the Orcish Mines)
  6880 | Elf:1    | Entered Level 1 of the Elven Halls
  6917 | Elf:1    | Noticed a deep elf demonologist
  6917 | Elf:1    | Noticed a deep elf death mage
  6920 | Elf:1    | Goblin1989: J_J
  6930 | Elf:1    | Goblin1989: O_O
  6934 | Elf:1    | Killed a deep elf demonologist
  6978 | Elf:1    | Noticed a deep elf death mage
  6990 | Elf:1    | Killed a deep elf death mage
  6990 | Elf:1    | Received a gift from Okawaru
  6990 | Elf:1    | Reached XP level 14. HP: 131/139 MP: 13/19
  7368 | Elf:3    | Entered Level 3 of the Elven Halls
  7564 | Elf:3    | Noticed a deep elf elementalist
  7566 | Elf:3    | Noticed a deep elf blademaster
  7595 | Elf:3    | Killed a deep elf blademaster
  7595 | Elf:3    | Reached skill level 16 in Unarmed Combat
  7610 | Elf:3    | Killed a deep elf elementalist
  7619 | Elf:3    | HP: 3/143 [glaive of flaming (10)]
  7624 | Elf:3    | Noticed a deep elf elementalist
  7630 | Elf:3    | Killed a deep elf elementalist
  7762 | Elf:3    | Noticed a deep elf sorcerer
  7777 | Elf:3    | Killed a deep elf sorcerer
  7779 | Elf:3    | Noticed a deep elf master archer
  7792 | Elf:3    | Killed a deep elf master archer
  7792 | Elf:3    | Received a gift from Okawaru
  7796 | Elf:3    | Noticed a deep elf sorcerer
  7799 | Elf:3    | Killed a deep elf sorcerer
  7828 | Elf:3    | Noticed a deep elf sorcerer
  7834 | Elf:3    | Killed a deep elf sorcerer
  7838 | Elf:3    | Noticed a deep elf sorcerer
  7859 | Elf:3    | Killed a deep elf sorcerer
  8018 | Elf:3    | Noticed a deep elf sorcerer
  8035 | Elf:3    | Killed a deep elf sorcerer
  8035 | Elf:3    | Reached XP level 15. HP: 148/149 MP: 17/20
  8090 | Elf:3    | Noticed a deep elf master archer
  8114 | Elf:3    | Killed a deep elf master archer
  8151 | Elf:3    | Reached skill level 10 in Shields
  8193 | Elf:3    | Noticed a deep elf blademaster
  8208 | Elf:3    | Killed a deep elf blademaster
  8208 | Elf:3    | Received a gift from Okawaru
  8308 | Elf:3    | Learned a level 2 spell: Blink
  8347 | Elf:3    | Identified the Disquisition on Feathers and Confrontation
  8372 | Elf:3    | Identified Gur Xal's Volume of Evil Secrets and Feathers
  8376 | Elf:3    | Learned a level 2 spell: Repel Missiles
  8398 | Elf:3    | Identified the Reference Book on the Glacier
  8609 | Orc:2    | Bought the +1 ratskin cloak {rPois rN+ Int-1 Dex-1} for 538 gold pieces
  8630 | Orc:2    | Identified the +0 robe of Miracles {Dex+4} (You bought it in a shop on level 1 of the Orcish Mines)
  8630 | Orc:2    | Bought a transparent robe for 148 gold pieces
  8640 | Orc:2    | Identified the +1 robe "Xeudehoos" {+Fly Regen+ Int+4 Dex+3} (You bought it in a shop on level 2 of the Orcish Mines)
  8722 | Lair:1   | Entered Level 1 of the Lair of Beasts
  9054 | Lair:1   | Received a gift from Okawaru
  9189 | Lair:3   | Found a glowing golden altar of the Shining One.
  9726 | Lair:6   | Entered Level 6 of the Lair of Beasts
  9892 | Lair:6   | Found a staircase to the Slime Pits.
  9893 | Lair:6   | Found a viscous altar of Jiyva.
  9951 | Lair:6   | Identified a scroll of acquirement
  9960 | Lair:6   | Got a colourful robe
  9971 | Lair:6   | Identified the +4 robe of Chimes {rElec rPois} (You acquired it on level 6 of the Lair of Beasts)
 10052 | Lair:6   | Reached skill level 17 in Unarmed Combat
 10072 | Lair:6   | Received a gift from Okawaru
 10402 | Lair:3   | Reached skill level 10 in Invocations
 10485 | Lair:2   | Learned a level 3 spell: Regeneration
 10863 | Lair:2   | Found a staircase to the Swamp.
 10882 | Swamp:1  | Entered Level 1 of the Swamp
 10888 | Swamp:1  | Noticed a thorn hunter
 10895 | Swamp:1  | Reached XP level 16. HP: 160/160 MP: 16/23
 10913 | Swamp:1  | Killed a thorn hunter
 11201 | Swamp:4  | Entered Level 4 of the Swamp
 11294 | Swamp:4  | Killed from afar by a fire dragon

Vault maps used:
D:1:      lightli_iron_boxes, minmay_gold_behind_fungi
D:2:      old_standard_altar, elyvilon_altar_5, first_bread
D:4:      grunt_temple_overflow_open
D:5:      grunt_temple_overflow_growth_and_decay, uniq_sigmund
D:6:      kennysheep_mini_moat, uniq_edmund
D:7:      serial_corexii_hall, corexii_hall_statues_l, corexii_hall_statues_s,
          centaur_isle
D:8:      lair_0_dummy, serial_ice, serial_ice_k, serial_ice_a, serial_ice_c,
          serial_ice_g, uniq_grum
D:9:      gammafunk_temple_overflow_wave, orc_0_dummy
D:10:     grunt_pizzeria, hex_tiny, grunt_ministairs_12, minmay_misc_feat_rows
D:11:     uniq_erica, uniq_gastronok, uniq_fannar
D:12:     serial_shops, shop, shop, shop, shop, hangedman_decor_peaks_small,
          uniq_snorg, uniq_maurice
D:13:     uniq_sonja
D:14:     david_vaults_1, grunt_dithmenos_smoke_and_mirrors,
          kennysheep_decorative_pillar, uniq_frances
D:15:     grunt_enter_depths_giant_problem, lab_entry_generic, uniq_kirke,
          uniq_nessos
Temple:   dshaligram_water_room_temple
Lair:1:   gammafunk_lair_bear_cave, beast_lair_carwin_7, grunt_megastairs_3
Lair:2:   swamp_mist, dummy_snake_entry, zaba_antful_of_joy
Lair:3:   serial_bayou, serial_bayou_pond_e, serial_bayou_shore_b,
          serial_bayou_lagoon_b, serial_bayou_lagoon_a, basic_altar,
          serial_bayou_pond_a
Lair:4:   grunt_megastairs_1
Lair:5:   serial_bayou, serial_bayou_pond_a, serial_bayou_shore_a,
          serial_bayou_pond_b, serial_bayou_pond_d, serial_bayou_pond_b,
          serial_bayou_crossing
Lair:6:   hangedman_lair_tendril_chambers, slime_altar_1, serial_bayou_shore_b
Swamp:1:  evilmike_swamp_ruin_house_4, infiniplex_staircase_pool
Swamp:2:  evilmike_swamp_ruin_house_2
Swamp:3:  infiniplex_staircase_pool_2, swamp_pool1, kb_tengu_band, uniq_nikola,
          uniq_aizul
Swamp:4:  swamp_fiery
Orc:1:    basic_altar, serial_shops, nicolae_shop_statue_plus, shop_statue,
          lemuel_statue_altar, uniq_nergalle, uniq_harold
Orc:2:    st_orc_mages
Elf:1:    minmay_elf_crystal_heptagon
Elf:2:    minmay_misc_feat_cross, grunt_ministairs_9, st_stairs_13,
          guppyfry_elf_castle
Elf:3:    grunt_elf_hall_branching, spider_trap, minmay_shop_grove

Skill      XL: |  1  2  3  4  5  6  7  8  9 10 11 12 13 14 15 16 |
---------------+-------------------------------------------------+-----
Unarmed Combat | 2 3 5 6 7 9 11 13 14 15 16 17 | 17.1
Shields        | 1 2 3 5 9 11 | 11.2
Invocations    | 4 6 7 8 9 11 13 | 13.3
Dodging        | 1 3 4 5 6 |  6.0
Fighting       | 3 4 5 6 |  6.4
Earth Magic    | 2 4 6 |  6.9
Transmutations | 2 3 5 |  5.6
Spellcasting   | 1 2 3 |  3.0
Short Blades   | |  1.5
Throwing       | |  1.7
Stealth        | |  2.4

Action                   |  1- 3 |  4- 6 |  7- 9 | 10-12 | 13-15 | 16-18 || total
-------------------------+-------+-------+-------+-------+-------+-------++-------
Melee: Unarmed           |    77 |   107 |   256 |   360 |  1005 |   113 ||  1918
       Kick              |       |       |       |    35 |   295 |    44 ||   374
Throw: Throwing net      |       |       |     2 |       |       |       ||     2
       Large rock        |       |       |       |       |     5 |       ||     5
Invok: Heroism           |       |       |     8 |    24 |    57 |     4 ||    93
       Finesse           |       |       |       |     5 |    14 |     1 ||    20
Evoke: Wand              |       |       |     7 |     1 |       |       ||     8
  Use: Scroll            |     1 |    11 |       |     6 |    20 |     1 ||    39
       Potion            |       |     3 |       |       |     3 |       ||     6
 Stab: Sleeping          |     4 |       |     1 |       |     2 |     1 ||     8
       Distracted        |       |       |       |     1 |       |       ||     1
       Invisible         |       |       |       |       |     2 |       ||     2
  Eat: Chunk             |     9 |     7 |    13 |    36 |    47 |     3 ||   115
       Royal jelly       |       |     1 |       |       |       |       ||     1
       Beef jerky        |       |       |       |     1 |       |       ||     1
       Pizza             |       |       |       |       |     2 |       ||     2
Armor: Robe              |    26 |    25 |    47 |    15 |    33 |     7 ||   153
       Quicksilver drago |       |       |       |    32 |    49 |       ||    81
Dodge: Dodged            |    32 |    26 |    90 |   113 |   239 |    51 ||   551
Block: Shield            |     2 |    28 |    99 |   114 |   124 |       ||   367
       Large shield      |       |       |       |       |   347 |    80 ||   427
